 Dungeon Crawl Stone Soup version 0.22.1-2-g9c5b331383 (webtiles) character file.

155 Descartes the Insei (level 5, -1/25 HPs)
             Began as a Vine Stalker Transmuter on Dec 29, 2018.
             Slain by an adder (3 damage)
             ... on level 3 of the Dungeon.
             The game lasted 00:10:13 (3035 turns).

Descartes the Insei (Vine Stalker Transmuter)       Turns: 3035, Time: 00:10:14

Health: -1/25      AC:  2    Str: 16    XL:     5   Next: 37%
Magic:  0/9        EV: 12    Int: 14    God:
Gold:   157        SH:  0    Dex: 15    Spells: 0/8 levels left

rFire    . . .     SeeInvis .     - Unarmed
rCold    . . .     Gourm    .   (no shield)
rNeg     . . .     Faith    .   b - +0 robe
rPois    .         Spirit   +   (no helmet)
rElec    .         Reflect  .   (no cloak)
rCorr    .         Harm     .   (no gloves)
MR       .....                  (no boots)
Stlth    +.........             (no amulet)
HPRegen  0.48/turn              p - +4 ring of strength
MPRegen  0.11/turn              (no ring)

@: lethally poisoned (-1 -> -1)
A: fangs 2, regeneration 1, magic shield, antimagic bite, no potion heal 3, rot
immunity
a: no special abilities


You were on level 3 of the Dungeon.
You were not hungry.

You visited 1 branch of the dungeon, and saw 4 of its levels.

You collected 157 gold pieces.

Inventory:

Missiles
 a - 29 arrows
 l - 54 sling bullets
 m - 6 tomahawks (quivered)
 r - 9 poisoned needles
Armour
 b - a +0 robe (worn)
 q - a +0 helmet
 u - a +0 shield
Jewellery
 p - a +4 ring of strength (left hand)
Scrolls
 e - 2 scrolls of noise {unknown}
 f - a scroll of blinking {unknown}
 g - a scroll of magic mapping {unknown}
 h - a scroll of amnesia {unknown}
 i - 2 scrolls of teleportation {unknown}
 j - 2 scrolls of immolation {unknown}
 k - a scroll of identify
 s - a scroll of fear {unknown}
 v - a scroll of random uselessness {unknown}
Potions
 n - a potion of brilliance
 o - a potion of curing
 t - a potion of ambrosia
 w - a potion of magic
Comestibles
 c - 3 chunks of flesh
 d - 4 rations


   Skills:
 - Level 0.8 Fighting
 - Level 1.8 Dodging
 + Level 0.3 Shields
 + Level 4.5 Unarmed Combat
 - Level 2.1 Spellcasting
 + Level 3.9 Transmutations


You couldn't memorise any spells.
You knew the following spells:

 Your Spells              Type           Power        Failure   Level  Hunger
a - Beastly Appendage     Tmut           ##....       4%          1    #......
b - Sticks to Snakes      Tmut           ##......     7%          2    ###....
c - Blade Hands           Tmut           ##........   78%         5    ######.

Your spell library contained the following spells:

 Spells                   Type           Power        Failure   Level  Hunger
 Spider Form              Tmut/Pois      #.........   30%         3    ###....
 Ice Form                 Ice/Tmut       #.......     71%         4    #####..


Dungeon Overview and Level Annotations

Branches:
Dungeon (4/15)
 Temple: D:4-7

Altars:


Innate Abilities, Weirdness & Mutations

You have extremely sharp teeth.
Your natural rate of healing is unusually fast.
When hurt, damage is shared between your health and your magic reserves.
Your bite disrupts and absorbs the magic of your enemies.
Potions cannot restore your health.
You are immune to rotting.


Message History

* * * LOW HITPOINT WARNING * * *
You climb upwards.
You feel sick.
There is a stone staircase leading down here.
The adder bites you.
* * * LOW HITPOINT WARNING * * *
You are more poisoned.
The adder poisons you!
You feel sick.
You closely miss the adder.
You feel sick. The adder barely misses you. The adder bites you.
* * * LOW HITPOINT WARNING * * *
You barely miss the adder. Your bite misses the adder.
The adder barely misses you.
You closely miss the adder. Your bite misses the adder.
You feel sick. The adder barely misses you.
You closely miss the adder. The adder barely misses you.
You hit the adder but do no damage. Your bite misses the adder.
The adder bites you but does no damage.
You miss the adder.
You feel sick. The adder bites you.
You die...

#####.....#.................# ###
#^....#.................# #..
#.....#....##'####.###### #.#
#.....#....##.####......# #.#
#..........##.#...#####.# #.#
#.###......##.#.......#.###.# #.#
#....####.#...###.#......
#####.#####.......#....<#.#####.#
................@S..>...#.# #.#
##......###.#######.......# #.#
#.#..### #.##........#...## #..
#.#..# #.##.#...##.#....# ##.
#.#..# #.##.#...##.##...# #.
#.#..# ###....#...##.##...#####.
#.#..# #.>.....<................
#.#..###.########.########......
##.#......##.## #.# #.##).....


You could see an adder.

Vanquished Creatures
  Robin (D:2)
  5 adders
  An ooze (D:3)
  5 worms
  A leopard gecko (D:3)
  A ball python (D:3)
  5 bats
  3 giant cockroaches
  13 goblins
  8 hobgoblins
  5 jackals
  10 kobolds
  7 frilled lizards
  9 rats
74 creatures vanquished.

Vanquished Creatures (collateral kills)
  An adder (D:2)
  A kobold (D:2)
2 creatures vanquished.

Grand Total: 76 creatures vanquished

Notes
Turn   | Place    | Note
-------+----------+-------------------------------------------
     0 | D:1      | Descartes the Vine Stalker Transmuter began the quest for
                  | the Orb.
     0 | D:1      | Reached XP level 1. HP: 9/9 MP: 4/4
   369 | D:1      | Reached XP level 2. HP: 14/14 MP: 6/6
   376 | D:1      | Learned a level 2 spell: Sticks to Snakes
   997 | D:2      | Reached XP level 3. HP: 17/17 MP: 7/7
  1056 | D:2      | Noticed Robin
  1464 | D:2      | Gained mutation: Your natural rate of healing is unusually
                  | fast. [Vine Stalker growth]
  1464 | D:2      | Reached XP level 4. HP: 6/21 MP: 5/8
  1598 | D:2      | Reached skill level 4 in Unarmed Combat
  2012 | D:2      | Killed Robin
  2349 | D:3      | Reached XP level 5. HP: 25/25 MP: 9/9
  2360 | D:3      | Learned a level 5 spell: Blade Hands
  2435 | D:3      | Found a faded altar of an unknown god.
  3030 | D:3      | HP: 1/25 [adder (1)]
  3035 | D:3      | Slain by an adder

Skill      XL: |  1  2  3  4 |
---------------+-------------+-----
Transmutations | 3 |  3.9
Unarmed Combat | 4 |  4.5
Fighting       | |  0.8
Dodging        | |  1.8
Shields        | |  0.3
Spellcasting   | |  2.1

Action                   |  1- 3 |  4- 6 || total
-------------------------+-------+-------++-------
Melee: Unarmed           |   109 |   165 ||   274
       Bite              |    25 |    40 ||    65
       Punch             |     2 |     3 ||     5
       Kick              |     2 |       ||     2
 Cast: Sticks to Snakes  |     2 |       ||     2
       Beastly Appendage |     1 |     1 ||     2
  Use: Potion            |     2 |       ||     2
       Scroll            |       |     3 ||     3
 Stab: Sleeping          |     1 |     3 ||     4
  Eat: Chunk             |     1 |     6 ||     7
Armor: Robe              |    22 |    13 ||    35
Dodge: Dodged            |    76 |    98 ||   174
